AoeStats
← 海峡

Four Lakes

507689916Analyzed
1v1 RM · 14d ago on Sep 19, 2026· 31m 32s· 2 players
Game mode
Random Map
Map size
Tiny (2 player)
Population
200
Speed
Normal
Resources
Standard
Victory
Conquest
Starting age
Dark Age
Ending age
Imperial Age
RankedLock teamsTeams togetherTeam positionsShared explorationLock speedFull tech treeHidden civsTurbo modeCheats
Victory
Defeat
🇨🇳 Inca · China
1711
+18
🇩🇴 Malians · Dominican Republic
1758
-18
海峡
8:50 Loom
11:34 Feudal Age
12:04 Double-Bit Axe
11:43 Champi Runner
16:29 Castle Age
15:02 Scale Mail Armor
16:22 Forging
17:08 Champi Warrior
18:44 Fishing Lines
20:35 Gold Mining
20:50 Squires
21:36 Chain Mail Armor
22:52 Iron Casting
22:57 Bow Saw
24:19 Wheelbarrow
26:26 Gold Shaft Mining
26:04 Gillnets
27:44 Arson
RD | El_Zapatero22
10:26 Feudal Age
10:29 Man-at-Arms
11:47 Loom
13:18 Loom
13:52 Double-Bit Axe
16:57 Castle Age
16:16 Scale Mail Armor
16:08 Arson
16:59 Long Swordsman
17:52 Forging
18:09 Squires
20:23 Chain Mail Armor
Connection lost

Rejoining the realm…

Still unreachable

The connection could not be restored.

Session expired

The server has moved on; the page needs a fresh start.